Map: Hardwire LE

Players

AcTiVillain

  • Race: Terran Terran
  • League: Diamond
  • Spawn Location: 1:00

Pumba - Winner!

  • Race: Protoss Protoss
  • League: Diamond
  • Spawn Location: 7:00

VOD

Have the link to the VOD?

Description

Time

  • Played on: Feb. 15, 2022, 6:03 p.m.
  • Length: 4:28
Show
View Real Time Build Order
Export as new Build Order

AcTiVillain Terran 

Build Orders:  

Get SALT Encoding   

  12  0:01  SCV  
  13  0:13  SCV  
  14  0:20  Supply Depot  
  14  0:26  SCV  
  15  0:42  SCV  
  16  0:43  Barracks  
  16  0:51  Refinery  
  16  0:55  SCV  
  17  1:06  Barracks  
  17  1:11  SCV  
  18  1:28  Barracks  
  18  1:30  Barracks Tech Lab  
  18  1:33  SCV  
  19  1:46  Supply Depot  
  19  1:50  Marauder  
  21  1:54  SCV  
  21  1:58  Marine  
  23  2:07  Concussive Shells  
  23  2:13  Marauder  
  25  2:18  Marine  
  26  2:23  Reaper  
  27  2:34  Marauder  
  27  2:36  Marine  
  30  2:39  Supply Depot  
  30  3:01  Marauder  
  30  3:03  Reaper  
  30  3:04  Marine  
  28  3:22  Marine  
  28  3:23  Marauder  
  26  3:42  Marine  
  26  3:44  Marauder  
Show
View Real Time Build Order
Export as new Build Order

Pumba Protoss - Winner!

Build Orders:  

Get SALT Encoding   

  12  0:00  Probe  
  13  0:12  Probe  
  14  0:20  Pylon  
  14  0:24  Probe  
  15  0:38  Probe (Chrono Boost)  
  15  0:39  Gateway  
  16  0:46  Assimilator  
  17  0:50  Probe (Chrono Boost)  
  17  0:55  Probe (Chrono Boost)  
  18  1:05  Probe  
  19  1:17  Probe  
  20  1:27  Cybernetics Core  
  20  1:28  Zealot  
  20  1:29  Probe  
  20  1:30  Pylon  
  23  1:47  Gateway  
  23  1:48  Probe  
  24  1:58  Zealot (Chrono Boost)  
  24  2:06  Probe  
  24  2:08  Pylon  
  25  2:11  Shield Battery  
  25  2:17  Stalker (Chrono Boost)  
  27  2:24  Probe  
  30  2:38  Shield Battery  
  30  2:42  Stalker x2 (Chrono Boost)  
  32  3:00  Pylon  
  32  3:05  Stalker x2  
  32  3:38  Nexus  
  30  3:48  Shield Battery  
  30  3:52  Stalker  
  32  4:18  Assimilator  
Tags
 
Add a new tag
Caveats
  • Supply blocks, unpowered buildings, or Contaminate may cause inaccurate times.
  • Supply counts are checked every 10 seconds.